 Dungeon Crawl Stone Soup version 0.29-a0-234-g0dae59b3db (webtiles) character file.

Game seed: 7744955035365564480

63 spaghetti the Shooter (level 4, 0/29 HPs)
             Began as an Octopode Hunter on Mar 2, 2022.
             Succumbed to an adder's poison
             ... on level 2 of the Dungeon.
             The game lasted 00:01:55 (1506 turns).

spaghetti the Shooter (Octopode Hunter)             Turns: 1506, Time: 00:01:56

Health: 0/29       AC:  3    Str:  9 (11) XL:     4   Next: 9%
Magic:  4/4        EV: 13    Int: 14 (17) God:
Gold:   84         SH:  0    Dex: 13 (14) Spells: 3/3 levels left

rFire   + . .      SeeInvis .   b - +3 dagger {short}
rCold   + . .      Faith    .   (no shield)
rNeg    . . .      Spirit   .   (helmet restricted)
rPois   +          Reflect  .   (no amulet)
rElec   +          Harm     .   (no ring)
rCorr   +          Rampage  .   (no ring)
Will    .....                   (no ring)
Stlth   +++.......              (no ring)
HPRegen 0.09/turn               (no ring)
MPRegen 0.09/turn               (no ring)
                                (no ring)
                                (no ring)

@: mighty, lethally poisoned (0 -> -2), resistant, attractive, flying
A: almost no armour, amphibious, 8 rings, camouflage 1, gelatinous body 1,
(nimble swimmer 1), tentacles, iridescent scales 1, clever 2, devolution 1
a: no special abilities


You were on level 2 of the Dungeon.
You visited 1 branch of the dungeon, and saw 3 of its levels.

You collected 84 gold pieces.


Innate Abilities, Weirdness & Mutations

You cannot wear most types of armour.
You are amphibious.
You can wear up to eight rings at the same time.
Your skin changes colour to match your surroundings (Stealth+).
Your rubbery body absorbs attacks. (AC +1, EV +1)
((You are camouflaged when in or above water. (Stealth+)))
You have tentacles for arms and can constrict up to eight enemies at once.
You are partially covered in iridescent scales. (AC +2)
Your mind is very acute. (Int +4)
You have hidden genetic defects.


   Skills:
 - Level 2.0 Fighting
 + Level 5.5 Bows
 - Level 2.0 Dodging
 - Level 1.3 Stealth


You had 3 spell levels left.
You didn't know any spells.
Your spell library was empty.

Inventory:

Hand Weapons
 a - a +1 shortbow {bow}
 b - a +3 dagger (weapon) {short}
   (You took it off a kobold on level 1 of the Dungeon)
Missiles
 c - 16 stones {throwing}
Potions
 d - a potion of degeneration {!q@e2}

Dungeon Overview and Level Annotations

Branches:
Dungeon (3/15)

Altars:

Shops:
D:3

[ #.#
..###...#
#.# ##......
#.#
###.#.####
#.# #.#....
#.#######.##
#.#..^#
#......)...#
#.#####
#########.##
#####.# .##
#.....# ##
## ##
#####.#
##)#.# #.#
##.#@# #.##
##.#.#†#
#..#
##.#.##†.#
##.# ##.#.##
.#.# ##..#
##.#.## #.##
##...#
##.#.## #
##.#.##
##.#.##
##.#.##
#.#.##
##.#.##
#.#.##
##.#.##


There were no monsters in sight!


Message History

You kill the bat!
No target in view!
No target in view!
No target in view!
No target in view!
No target in view!
No target in view!
No target in view!
No target in view!
You now have 84 gold pieces (gained 9).
A hobgoblin comes into view.
A hobgoblin is nearby!
You shoot an arrow. The arrow hits the hobgoblin!
You kill the hobgoblin!
You hear a shout!
You hear an angry hiss.
An adder comes into view.
A kobold comes into view. It is wielding a +0 dagger.
You shoot an arrow. The arrow hits the kobold.
You kill the kobold!
The adder completely misses you.
An adder is nearby!
You shoot an arrow. The arrow barely misses the adder.
The adder bites you. 😕 HP[-4]
You take 4 damage, and now have 25/29 hp.
You shoot an arrow. The arrow hits the adder.
The adder barely misses you. The adder bites you. 😕 HP[-3]
You take 3 damage, and now have 22/29 hp.
You shoot an arrow. The arrow barely misses the adder.
The adder bites you.
You are too injured to fight recklessly! 😮 HP[-2]
You take 2 damage, and now have 20/29 hp.
You are too injured to fight recklessly!
You are too injured to fight recklessly!
An adder is nearby!
An adder is nearby!
An adder is nearby!
You are too injured to fight recklessly!
Shoot: a) +1 shortbow {bow}
Press: ? - help, Q - select action, (/) - cycle Shift-Dir - straight line, f/p - adder
Aim: an adder (lightly wounded, 46% to hit)
You shoot an arrow. The arrow misses the adder.
The adder closely misses you. The adder bites you.
You are poisoned.
The adder poisons you! 😮 HP[-3]
You take 3 damage, and now have 17/29 hp.
It was a potion of degeneration.
There was something very wrong with that liquid.
You feel weakened.
You feel dopey.
You feel clumsy.
You feel sick. The adder closely misses you. 😮 HP[-2]
You take 2 damage, and now have 15/29 hp.
It was a potion of attraction.
You feel attractive to monsters.
You feel sick. The adder closely misses you. The adder bites you.
* * * LOW HITPOINT WARNING * * *
You are more poisoned.
The adder poisons you! 😨 HP[-4]
You take 4 damage, and now have 11/29 hp.
It was a potion of flight.
You feel very buoyant.
You fly up into the air.
You feel sick. The adder misses you. 😨 HP[-2]
You take 2 damage, and now have 9/29 hp.
It was a potion of resistance.
You feel protected.
You feel sick. The adder bites you.
* * * LOW HITPOINT WARNING * * *
😱 HP[-3]
You take 3 damage, and now have 6/29 hp.
It was a potion of mutation.
You feel extremely strange.
You feel clever.
Iridescent scales grow over part of your body.
You feel a hidden malignance growing inside you.
You feel clever.
* * * LOW HITPOINT WARNING * * *
You feel sick. The adder barely misses you. The adder bites you.
* * * LOW HITPOINT WARNING * * *
😱 HP[-3]
You take 3 damage, and now have 3/29 hp.
It was a potion of might.
You feel very mighty all of a sudden.
* * * LOW HITPOINT WARNING * * *
You feel sick. The adder barely misses you. 😱 HP[-1]
You take 1 damage, and now have 2/29 hp.
Shoot: a) +1 shortbow {bow}
Press: ? - help, Q - select action, (/) - cycle Shift-Dir - straight line, f/p - adder
Aim: an adder (lightly wounded, 44% to hit)
Okay, then.
b - a +3 dagger (weapon)
{short}
* * * LOW HITPOINT WARNING * * *
You feel sick. 😱 HP[-1]
You take 1 damage, and now have 1/29 hp.
You puncture the adder!
You kill the adder!
You die...

Skill      XL: |  1  2  3 |
---------------+----------+-----
Bows           | 5 |  5.5
Fighting       | |  2.0
Dodging        | |  2.0
Stealth        | |  1.3

Action                   |  1- 3 |  4- 6 || total
-------------------------+-------+-------++-------
Melee: Dagger            |     2 |     1 ||     3
 Fire: Shortbow          |    84 |     7 ||    91
  Use: Scroll            |     2 |       ||     2
       Potion            |       |     6 ||     6
Armor: Skin              |     3 |       ||     3
Dodge: Dodged            |    14 |     8 ||    22

Levels and vault maps discovered:
D:1:      dpeg_arrival_radiant, layout_loops_ring, serial_bayou_pond_d,
          chequers_serial_rivers_micro_e
D:2:      minmay_inner_zag, layout_loops_ring, uniq_robin
D:3:      layout_rooms, serial_shops, shop,
          shapermc_ecumenical_altar_mp_highgroup, roderic_serpentine_path,
          feat_on_display

Notes
Turn   | Place    | Note
-------+----------+-------------------------------------------
     0 | D:1      | spaghetti the Octopode Hunter began the quest for the Orb.
     0 | D:1      | Reached XP level 1. HP: 14/14 MP: 1/1
     0 | D:1      | magus.rc [v1.9.6]
   265 | D:1      | Reached XP level 2. HP: 19/19 MP: 2/2
   514 | D:1      | Reached XP level 3. HP: 16/24 MP: 3/3
   891 | D:1      | Reached skill level 5 in Bows
  1295 | D:3      | Found Jaeppy's Armour Emporium.
  1475 | D:2      | Reached XP level 4. HP: 29/29 MP: 4/4
  1502 | D:2      | HP: 6/29 [adder (2)]
  1503 | D:2      | Gained mutation: Your mind is acute. (Int +2) [potion of
                  | mutation]
  1503 | D:2      | Gained mutation: You are partially covered in iridescent
                  | scales. (AC +2) [potion of mutation]
  1503 | D:2      | Gained mutation: You have hidden genetic defects. [potion
                  | of mutation]
  1503 | D:2      | Gained mutation: Your mind is very acute. (Int +4) [potion
                  | of mutation]
  1504 | D:2      | HP: 2/29 [poisoned by an adder]
  1506 | D:2      | Succumbed to an adder's poison

Vanquished Creatures
  2 adders (D:2)
  A worm (D:2)
  A dart slug (D:2)
  2 endoplasms
  7 goblins
  4 hobgoblins
  2 jackals (D:1)
  5 kobolds
  2 quokkas
  9 ball pythons
  4 bats
  2 frilled lizards (D:1)
  4 rats
45 creatures vanquished.

Table legend:
 A = Non-vault XP
 B = Vault XP
 C = Vault XP percentage of total XP
 D = Non-vault monster count
 E = Vault monster count
 F = Vault count percentage of total count
                 A         B        C        D         E       F
            +---------+---------+-------+---------+---------+-------
      Total |      87 |      16 |  15.5 |      42 |       3 |   6.7
            +---------+---------+-------+---------+---------+-------
        D:1 |      40 |       0 |   0.0 |      25 |       0 |   0.0
        D:2 |      45 |      16 |  26.2 |      16 |       3 |  15.8
        D:3 |       2 |       0 |   0.0 |       1 |       0 |   0.0
            +---------+---------+-------+---------+---------+-------

Illustrated notes

Table legend:
 A = Kills in this place as a percentage of kills in entire the game.
 B = Kills by you in this place as a percentage of kills by you in the entire game.
 C = Kills by friends in this place as a percentage of kills by friends in the entire game.
 D = Other kills in this place as a percentage of other kills in the entire game.
 E = Experience gained in this place as a percentage of experience gained in the entire game.
 F = Experience gained in this place divided by the number of levels of this place that you have seen.
                   A       B       C       D       E      F
               +-------+-------+-------+-------+-------+----------------------
         Total | 100.0 | 100.0 |   N/A |   N/A | 100.0 |  34.3
       Dungeon | 100.0 | 100.0 |   N/A |   N/A | 100.0 |  34.3
               +-------+-------+-------+-------+-------+----------------------

Table legend: (Time is in decaauts)
 A = Elapsed time spent in this place.
 B = Non-inter-level travel time spent in this place.
 C = Inter-level travel time spent in this place.
 D = Time resting spent in this place.
 E = Time spent auto-exploring this place.
 F = Levels seen in this place.
 G = Mean time per level.
                   A        B        C        D        E       F      G
               +--------+--------+--------+--------+--------+-----+--------+
         Total |   1528 |   1435 |     93 |    289 |    951 |   3 |  509.3 |
       Dungeon |   1528 |   1435 |     93 |    289 |    951 |   3 |  509.3 |
               +--------+--------+--------+--------+--------+-----+--------+

Top non-repeatable levels by time:
     D:1: 932 daAuts
     D:2: 587 daAuts
     D:3: 9 daAuts
